 Dungeon Crawl Stone Soup version 0.16.0-17-g811c1d7 (webtiles) character file.

11922 maniek23 the Covert (level 11, -4/76 HPs)
             Began as a Vampire Enchanter on Mar 21, 2015.
             Was a High Priest of Makhleb.
             Slain by a killer bee (14 damage)
             ... on level 2 of the Lair of Beasts on Mar 22, 2015.
             The game lasted 00:55:09 (10591 turns).

maniek23 the Covert (Vampire Enchanter)            Turns: 10591, Time: 00:55:09

Health: -4/76      AC: 10    Str: 13    XL:     11   Next: 55%
Magic:  12/36      EV: 17    Int: 17    God:    Makhleb [*****.]
Gold:   1165       SH:  0    Dex: 15    Spells: 5 memorised, 10 levels left

rFire  + . .     SeeInvis +     r - +3 dagger (drain)
rCold  . . .     Clarity  .     H - +3 leather armour {rF+}
rNeg   + . .     SustAb   .     (no shield)
rPois  .         Gourm    .     A - +0 helmet
rElec  .         Spirit   .     y - +1 cloak
rCorr  .         Warding  .     E - +0 pair of gloves
rMut   .         Stasis   .     (no boots)
MR     +....                    C - amulet of regeneration
Stlth  +++++++...               U - ring of magical power
                                m - +4 ring of strength

@: lethally poisoned (-4 -> -5), very slightly contaminated, somewhat resistant
to hostile enchantments, extremely stealthy
A: bottle blood, fangs 3, see invisible, high mp 1, unbreathing
a: Bat Form, Minor Destruction, Lesser Servant of Makhleb, Major Destruction,
Greater Servant of Makhleb, Renounce Religion


You were on level 2 of the Lair of Beasts.
You worshipped Makhleb.
Makhleb was extremely pleased with you.
You were not thirsty.

You visited 3 branches of the dungeon, and saw 14 of its levels.
You also visited: Ossuary.

You collected 1165 gold pieces.

Inventory:

Hand weapons
 f - a +2 dagger of venom
 r - a +3 dagger of draining (weapon)
 w - a +0 vampiric short sword
 M - a +2 dagger of draining
 N - a +2 short sword of electrocution
Armour
 b - a +1 robe
 y - a +1 cloak (worn)
 A - a +0 helmet (worn)
 E - a +0 pair of gloves (worn)
 H - a +3 leather armour of fire resistance (worn)
 V - a +3 ring mail
 Y - a troll hide
Jewellery
 m - a +4 ring of strength (left hand)
 C - an amulet of regeneration (around neck)
 K - an uncursed ring of positive energy
 T - an uncursed ring of sustain abilities {unknown}
 U - a ring of magical power (right hand)
Magical devices
 a - a wand of draining (4)
 p - a wand of fire (11)
 t - a wand of frost (36)
 G - a wand of digging (9)
 I - a wand of cold (9)
Scrolls
 i - 6 scrolls of teleportation
 j - a scroll of enchant armour
 k - 2 scrolls of fear
 n - 3 scrolls of remove curse
 o - 4 scrolls of enchant weapon
 v - a scroll of recharging
 x - a scroll of amnesia
 O - a scroll of torment {unknown}
 R - 4 scrolls of fog
 W - a scroll of silence {unknown}
 Z - a scroll of blinking {unknown}
Potions
 d - 2 potions of blood
 e - 4 potions of restore abilities
 g - 9 potions of curing
 h - 2 potions of magic
 l - a potion of cure mutation {unknown}
 q - 2 potions of heal wounds
 s - 2 potions of might
 u - a potion of lignification
 z - a potion of resistance
 D - 2 potions of cancellation
 P - a potion of brilliance
 Q - 2 potions of agility
 X - a potion of invisibility
Books
 c - a book of Maledictions

   Spells                             Type                      Level
   a - Corona                         Hexes                        1
   b - Sure Blade                     Hexes/Charms                 2
   c - Ensorcelled Hibernation        Hexes/Ice                    2
   d - Confuse                        Hexes                        3
   e - Dazzling Spray                 Conjuration/Hexes            3
   f - Enslavement                    Hexes                        4
 F - a book of the Warp

   Spells                             Type                      Level
   a - Recall                         Summoning/Translocation      3
   b - Control Teleport               Charms/Translocation         4
   c - Force Lance                    Conjuration/Translocation    4
   d - Phase Shift                    Translocation                5
   e - Warp Weapon                    Charms/Translocation         5
   f - Gell's Gravitas                Hexes/Translocation          5
   g - Summon Forest                  Summoning/Translocation      5
 J - a book of Transfigurations

   Spells                             Type                      Level
   a - Stoneskin                      Transmutation/Earth          2
   b - Irradiate                      Conjuration/Transmutation    5
   c - Statue Form                    Transmutation/Earth          6
   d - Hydra Form                     Transmutation                6
   e - Dragon Form                    Transmutation                7
 L - a book of Ice

   Spells                             Type                      Level
   a - Ice Form                       Ice/Transmutation            4
   b - Metabolic Englaciation         Hexes/Ice                    5
   c - Ozocubu's Refrigeration        Ice                          6
   d - Bolt of Cold                   Conjuration/Ice              6
   e - Freezing Cloud                 Conjuration/Ice/Air          6
   f - Simulacrum                     Ice/Necromancy               6
 S - a book of Necromancy

   Spells                             Type                      Level
   a - Pain                           Necromancy                   1
   b - Animate Skeleton               Necromancy                   1
   c - Vampiric Draining              Necromancy                   3
   d - Regeneration                   Charms/Necromancy            3
   e - Animate Dead                   Necromancy                   4
   f - Control Undead                 Necromancy                   4


   Skills:
 + Level 3.8 Fighting
 + Level 4.5 Short Blades
 + Level 2.4 Armour
 + Level 8.4 Dodging
 + Level 14.3 Stealth
 + Level 6.8 Spellcasting
 + Level 10.4 Hexes
 * Level 7.4 Transmutations
 + Level 2.9 Ice Magic
 + Level 0.2 Earth Magic
 + Level 1.0 Invocations


You had 10 spell levels left.
You knew the following spells:

 Your Spells              Type           Power        Failure   Level  Hunger
a - Corona                Hex            #####..      1%          1    None
b - Ensorcelled Hibernat  Hex/Ice        ####..       1%          2    None
c - Confuse               Hex            #####...     1%          3    ##.....
d - Stoneskin             Trmt/Erth      ###.....     6%          2    None
e - Metabolic Englaciati  Hex/Ice        ####......   30%         5    #####..


Dungeon Overview and Level Annotations

Branches:
Dungeon (11/15)            Temple (1/1) D:4            Lair (2/8) D:8
    Orc: D:9-12

Altars:
Ashenzari
Cheibriados
Dithmenos
Elyvilon
Fedhas
Gozag
Makhleb
Nemelex Xobeh
Okawaru
Qazlal
Ru
Sif Muna
Trog
Vehumet
Xom
Yredelemnul
Zin
The Shining One


Innate Abilities, Weirdness & Mutations

You can bottle blood from corpses.
You have razor-sharp teeth.
You have supernaturally acute eyesight.
You can survive without breathing.
You have an increased reservoir of magic (+10% MP).


Message History

The killer bee stings you!
* * * LOW HITPOINT WARNING * * *
The killer bee completely misses you.
You hear an angry buzzing noise.
The killer bee completely misses you.
Use which ability? (? or * to list)
Your transformation has ended.
Your +3 dagger of draining unmelds from your body.
Your +1 cloak unmelds from your body.
Your +0 helmet unmelds from your body.
Your +0 pair of gloves unmelds from your body.
Your +3 leather armour of fire resistance unmelds from your body.
Your +4 ring of strength unmelds from your body.
Your ring of magical power unmelds from your body.
You sense an unholy aura.
You feel resistant to fire.
You feel stronger.
You feel your magic capacity increase.
You feel sick. The killer bee stings you.
* * * LOW HITPOINT WARNING * * *
The killer bee stings you!
You die...

## #...... ..##.P......# ##
.........>..##
##.###............
#P...............##
###.....#.##.#.#....####
#.P.....#.#.....#.....P.
#.P............y.P....[.##
..P.........yyyy@...##...##
.......†...y###.###......P##
#..#........# #+# #. ......#
#.. ..#......y..# #. #.....
.... #.#P........#
#.##.........# ..........†.#
#......#....>.#
#..#......###
#.............. #........#.#
#.....<........
#....#....### #..†...#......


You could see 6 killer bees.

Vanquished Creatures
  A tengu warrior (D:10)
  Erolcha (D:8)
  A hill giant (D:11)
  An ugly thing (D:11)
  Joseph (D:9)
  A gargoyle (D:10)
  2 spiny frogs (Lair:1)
  2 trolls
  A tengu conjurer (D:10)
  A raven (D:10)
  A trapdoor spider (D:10)
  A basilisk (Lair:1)
  A deep elf mage (D:9)
  A wyvern (D:10)
  Eustachio (D:6)
  A human (D:9)
  6 yaks
  2 hippogriffs
  A hungry ghost (D:10)
  A porcupine (Lair:1)
  A wasp (D:8)
  5 water moccasins
  2 phantoms
  Purgy (D:3)
  An ice beast (D:11)
  A black bear (D:10)
  2 orc warriors
  2 sky beasts
  2 necrophages
  5 ogres
  A crocodile (Lair:2)
  2 centaurs
  Duvessa (D:7)
  2 big kobolds
  9 giant frogs
  A wyvern zombie (D:8)
  A scorpion (D:7)
  9 killer bees (Lair:2)
  4 wights (D:8)
  5 crimson imps
  Dowan (D:7)
  A centaur zombie (D:6)
  2 giant frog zombies
  A human zombie (Ossuary)
  6 hounds
  3 centaur skeletons
  A giant frog skeleton (D:7)
  4 jellies
  An orc priest (D:6)
  A quasit (D:6)
  6 orc wizards
  5 iguanas
  12 worker ants
  3 big kobold zombies (Ossuary)
  A killer bee zombie (D:6)
  3 hound zombies
  2 mummies (Ossuary)
  A worker ant zombie (D:8)
  12 river rats
  14 adders
  4 gnolls (D:5)
  2 shadow imps
  A worm (D:5)
  An adder skeleton (D:4)
  An adder zombie (D:9)
  5 giant geckos
  22 orcs
  12 bats
  A bat skeleton (D:7)
  2 bat zombies (D:5)
  7 giant cockroaches
  3 gnoll zombies (Ossuary)
  19 hobgoblins
  8 jackals
  4 quokkas
  2 ball pythons
  A giant gecko skeleton (D:4)
  2 giant gecko zombies
  8 giant newts
  A giant spore (D:4)
  7 goblins
  4 goblin zombies (Ossuary)
  2 hobgoblin zombies (Ossuary)
  25 kobolds
  An orc zombie (Ossuary)
  10 rats
  2 ballistomycetes (D:4)
  2 butterflies (D:4)
324 creatures vanquished.

Vanquished Creatures (collateral kills)
  A blink frog (D:8)
  A scorpion (D:8)
  2 iguanas (D:8)
  A hobgoblin (D:10)
  A quokka (D:8)
6 creatures vanquished.

Vanquished Creatures (others)
  A wizard (D:9)
1 creature vanquished.

Grand Total: 331 creatures vanquished

Notes
Turn   | Place    | Note
--------------------------------------------------------------
     0 | D:1      | maniek23, the Vampire Enchanter, began the quest for the Orb.
     0 | D:1      | Reached XP level 1. HP: 13/13 MP: 3/3
   523 | D:1      | Reached XP level 2. HP: 13/19 MP: 4/4
   530 | D:1      | Learned a level 2 spell: Ensorcelled Hibernation
   657 | D:1      | Reached skill level 5 in Stealth
  1292 | D:2      | Reached XP level 3. HP: 24/24 MP: 6/6
  1330 | D:2      | Reached skill level 5 in Hexes
  1335 | D:2      | Learned a level 3 spell: Confuse
  1827 | D:2      | Reached skill level 6 in Stealth
  1827 | D:2      | Reached XP level 4. HP: 31/31 MP: 7/7
  1885 | D:3      | Reached skill level 1 in Fighting
  1929 | D:3      | Reached XP level 5. HP: 24/37 MP: 3/9
  2032 | D:3      | Noticed Purgy
  2035 | D:3      | Killed Purgy
  2035 | D:3      | Reached skill level 7 in Stealth
  2321 | D:3      | Reached skill level 1 in Ice Magic
  2343 | D:3      | Found a burning altar of Makhleb.
  2347 | D:3      | Reached XP level 6. HP: 43/43 MP: 11/11
  2350 | D:3      | Became a worshipper of Makhleb the Destroyer
  2479 | D:4      | Got a translucent plate armour
  2490 | D:4      | Identified the +2 plate armour of Liberty {MR+ rCorr Slay-4} (You found it on level 4 of the Dungeon)
  2689 | D:4      | Reached skill level 8 in Stealth
  2906 | D:4      | Acquired Makhleb's first power
  2956 | D:4      | Found a staircase to the Ecumenical Temple.
  2961 | Temple   | Entered the Ecumenical Temple
  3411 | D:5      | Entered Level 5 of the Dungeon
  3424 | D:5      | Found an iron altar of Okawaru.
  3480 | D:5      | Reached XP level 7. HP: 47/49 MP: 7/13
  3623 | D:5      | Reached skill level 9 in Stealth
  3720 | D:5      | Acquired Makhleb's second power
  3872 | D:5      | Reached skill level 5 in Dodging
  3998 | D:6      | Reached XP level 8. HP: 45/56 MP: 2/16
  4154 | D:6      | Reached skill level 10 in Stealth
  4212 | D:6      | Noticed Eustachio
  4223 | D:6      | Killed Eustachio
  4371 | D:6      | Learned a level 2 spell: Stoneskin
  4483 | D:6      | Found a white marble altar of Elyvilon.
  4994 | D:6      | Reached skill level 1 in Transmutations
  5128 | D:7      | Noticed Dowan
  5132 | D:7      | Noticed Duvessa
  5133 | D:7      | Found a sand-covered staircase.
  5303 | Ossuary  | Entered an ossuary
  5417 | Ossuary  | Acquired Makhleb's third power
  5470 | Ossuary  | Reached skill level 11 in Stealth
  5616 | D:7      | Reached XP level 9. HP: 51/62 MP: 7/20
  5836 | D:7      | Killed Duvessa
  5848 | D:7      | Killed Dowan
  5886 | D:7      | Gained mutation: You have an increased reservoir of magic (+10% MP). [potion of beneficial mutation]
  6107 | D:8      | Noticed Erolcha
  6114 | D:8      | Killed Erolcha
  6114 | D:8      | Reached skill level 1 in Armour
  6196 | D:8      | Reached skill level 5 in Spellcasting
  6211 | D:8      | Acquired Makhleb's fourth power
  6744 | D:8      | Found a staircase to the Lair.
  6764 | D:8      | Reached XP level 10. HP: 65/70 MP: 25/25
  6911 | D:8      | Found a basalt altar of Yredelemnul.
  7090 | D:9      | Found a snail-covered altar of Cheibriados.
  7137 | D:9      | Found a blossoming altar of Fedhas.
  7185 | D:9      | Found a bloodstained altar of Trog.
  7185 | D:9      | Noticed a wizard
  7192 | D:9      | Killed a wizard
  7246 | D:9      | Reached skill level 12 in Stealth
  7430 | D:9      | Noticed Joseph
  7432 | D:9      | Killed Joseph
  7536 | D:9      | Reached skill level 5 in Transmutations
  7552 | D:9      | Acquired Makhleb's fifth power
  7770 | D:10     | Entered Level 10 of the Dungeon
  7801 | D:10     | Found a stormy altar of Qazlal.
  7932 | D:10     | Noticed a tengu warrior
  7956 | D:10     | Killed a tengu warrior
  7956 | D:10     | Reached skill level 13 in Stealth
  8149 | D:10     | Reached skill level 1 in Invocations
  8367 | D:10     | Reached XP level 11. HP: 76/76 MP: 27/27
  8803 | D:11     | Noticed a hill giant
  8811 | D:11     | Killed a hill giant
  8811 | D:11     | Reached skill level 10 in Hexes
  9680 | Lair:1   | Entered Level 1 of the Lair of Beasts
  9810 | Lair:1   | Reached skill level 14 in Stealth
  9927 | Lair:1   | Learned a level 5 spell: Metabolic Englaciation
 10591 | Lair:2   | Slain by a killer bee

Action                   |  1- 3 |  4- 6 |  7- 9 | 10-12 || total
-------------------------+-------+-------+-------+-------++-------
Melee: Dagger            |    72 |   147 |   436 |   346 ||  1001
       Short sword       |       |     2 |       |       ||     2
       Unarmed           |       |       |     2 |       ||     2
 Cast: Ensorcelled Hiber |     2 |     8 |    15 |    19 ||    44
       Confuse           |       |     3 |    39 |    30 ||    72
       Stoneskin         |       |       |     3 |       ||     3
       Corona            |       |       |     1 |       ||     1
       Metabolic Englaci |       |       |       |     2 ||     2
Invok: Lesser Servant of |       |       |     1 |     2 ||     3
       Minor Destruction |       |       |     1 |     1 ||     2
 Abil: End Transformatio |       |     1 |     2 |     1 ||     4
       Bat Form          |       |     1 |     2 |     1 ||     4
  Use: Potion            |       |       |     5 |     1 ||     6
       Scroll            |       |       |     8 |    18 ||    26
 Stab: Sleeping          |    14 |    14 |    24 |    43 ||    95
       Confused          |       |     2 |    14 |    11 ||    27
       Distracted        |       |       |       |     2 ||     2
  Eat: Corpse            |     5 |     3 |    11 |    11 ||    30
